AoeStats
← BYoooo

Arena

510324501Analyzed
1v1 RM · 2d ago on Sep 30, 2026· 41m 25s· 2 players
Game mode
Random Map
Map size
Tiny (2 player)
Population
200
Speed
Normal
Resources
Standard
Victory
Conquest
Starting age
Dark Age
Ending age
Imperial Age
RankedLock teamsTeams togetherTeam positionsShared explorationLock speedFull tech treeHidden civsTurbo modeCheats
Victory
Defeat
🇩🇪 Franks · Germany
691
+16
🇬🇷 Burgundians · Greece
693
-16
BYoooo
10:22 Feudal Age
9:06 Loom
14:57 Castle Age
13:45 Double-Bit Axe
14:32 Loom
16:07 Wheelbarrow
21:32 Hand Cart
22:03 Scale Barding Armor
23:11 Bow Saw
23:24 Forging
23:36 Stone Mining
23:37 Gold Mining
25:01 Town Watch
26:21 Gold Shaft Mining
25:57 Husbandry
34:25 Chain Barding Armor
34:40 Iron Casting
33:56 Fletching
34:06 Padded Archer Armor
37:29 Imperial Age
35:02 Town Patrol
34:36 Elite Skirmisher
38:04 Cavalier
39:24 Plate Barding Armor
39:52 Blast Furnace
38:48 Bodkin Arrow
39:10 Leather Archer Armor
38:56 Scale Mail Armor
39:01 Devotion
40:17 Conscription
40:01 Chivalry
40:38 Hoardings
39:36 Elite Throwing Axeman
40:40 Paladin
ser1980letis
0:30 Loom
7:49 Wheelbarrow
10:29 Feudal Age
8:50 Double-Bit Axe
10:57 Gold Mining
11:26 Bow Saw
11:37 Horse Collar
13:37 Heavy Plow
19:58 Hand Cart
20:06 Stone Mining
22:38 Castle Age
21:36 Gold Shaft Mining
21:04 Fletching
22:08 Forging
21:51 Town Watch
22:25 Scale Mail Armor
22:31 Scale Barding Armor
24:36 Crop Rotation
24:11 Squires
24:52 Iron Casting
25:28 Husbandry
27:05 Pikeman
31:51 Chain Mail Armor
31:32 Bodkin Arrow
31:58 Chain Barding Armor
34:41 Imperial Age
38:04 Blast Furnace
37:41 Halberdier
Connection lost

Rejoining the realm…

Still unreachable

The connection could not be restored.

Session expired

The server has moved on; the page needs a fresh start.